 Dungeon Crawl Stone Soup version 0.26-a0-602-gd42a14c23b (webtiles) character file.

Game seed: 2789402678194944856

102 ANON1729 the Skirmisher (level 4, -5/31 HPs)
             Began as an Octopode Fighter on Aug 30, 2020.
             Killed from afar by Natasha (10 damage)
             ... with a magic dart
             ... on level 2 of the Dungeon.
             The game lasted 00:02:01 (1877 turns).

ANON1729 the Skirmisher (Octopode Fighter)          Turns: 1877, Time: 00:02:01

Health: -5/31      AC:  1    Str: 16    XL:     4   Next: 78%
Magic:  4/4        EV: 12    Int: 10    God:
Gold:   141        SH:  9    Dex: 11    Spells: 3/3 levels left

rFire    . . .     SeeInvis .     - Unarmed
rCold    . . .     Faith    .   a - +0 kite shield
rNeg     . . .     Spirit   .   (helmet restricted)
rPois    .         Reflect  .   (no amulet)
rElec    .         Harm     .   (no ring)
rCorr    .                      (no ring)
MR       .....                  (no ring)
Stlth    +++.......             (no ring)
HPRegen  0.10/turn              (no ring)
MPRegen  0.09/turn              (no ring)
                                (no ring)
                                (no ring)

@: no status effects
A: almost no armour, stealthy swim, amphibious, 8 rings, constrict 8, camouflage
1, gelatinous body 1
a: no special abilities


You were on level 2 of the Dungeon.
You visited 1 branch of the dungeon, and saw 2 of its levels.

You collected 141 gold pieces.

Inventory:

Armour
 a - a +0 kite shield (worn)
Scrolls
 c - 3 scrolls of magic mapping {unknown}
 f - 6 scrolls of identify {unknown}
 g - 2 scrolls of remove curse {unknown}
 h - a scroll of teleportation {unknown}
Potions
 b - a potion of might
 d - a potion of invisibility {unknown}
 e - a potion of degeneration {unknown}
 i - a potion of lignification {unknown}
 j - a potion of cancellation {unknown}


   Skills:
 + Level 3.5 Fighting
 + Level 3.5 Dodging
 + Level 2.4 Stealth
 + Level 3.5 Shields
 + Level 2.7 Unarmed Combat


You had 3 spell levels left.
You didn't know any spells.
Your spell library was empty.

Dungeon Overview and Level Annotations

Branches:
Dungeon (2/15)

Altars:
Fedhas
Zin

Annotations:
D:2 Natasha


Innate Abilities, Weirdness & Mutations

You cannot wear most types of armour.
You are very stealthy in the water. (Stealth+)
You are amphibious.
You can wear up to eight rings at the same time.
You can use your tentacles to constrict eight enemies at once.
Your skin changes colour to match your surroundings (Stealth+).
Your rubbery body absorbs attacks. (AC +1, EV +1)


Message History

You are too injured to fight recklessly!
You are too injured to fight recklessly!
You are too injured to fight recklessly!
You are too injured to fight recklessly!
You are too injured to fight recklessly!
You are too injured to fight recklessly!
You are too injured to fight recklessly!
You are too injured to fight recklessly!
You are too injured to fight recklessly!
You are too injured to fight recklessly!
You are too injured to fight recklessly!
You closely miss Natasha. Your grab misses Natasha. Natasha claws you!
* * * LOW HITPOINT WARNING * * *
You tentacle-slap Natasha but do no damage.
You grab Natasha. You constrict Natasha.
Natasha howls an incantation.
Natasha's front paws start to glow.
Natasha casts a spell at you. The magic dart hits you!
You die...

######.#####.#.........
...###.### #.#..........
.........###.#..........
##.###.#..##.#........#
##.###.##.##.#........#
................>.....#
#########.#.......(..$###
...# #.#....h.........
##.# #.......@........
.#.#######....?..........
<.......##...............
........###......†.......
........# #..!.....######
)......)# #........#
........# #........#
......#####..##....#
.......^..... ##.###


You could see Natasha.

Vanquished Creatures
  6 adders (D:2)
  4 worms (D:2)
  3 dart slugs
  2 leopard geckos
  6 bats
  A giant cockroach (D:2)
  6 jackals
  A quokka (D:2)
  2 frilled lizards
  4 rats
35 creatures vanquished.

Vanquished Creatures (others)
  A fungus (D:2)
  A plant (D:2)
2 creatures vanquished.

Grand Total: 37 creatures vanquished

Notes
Turn   | Place    | Note
-------+----------+-------------------------------------------
     0 | D:1      | ANON1729 the Octopode Fighter began the quest for the Orb.
     0 | D:1      | Reached XP level 1. HP: 16/16 MP: 1/1
   291 | D:1      | Reached skill level 1 in Stealth
   291 | D:1      | Reached XP level 2. HP: 21/21 MP: 2/2
   793 | D:2      | Found a glowing silver altar of Zin.
   828 | D:2      | Reached XP level 3. HP: 25/26 MP: 3/3
   981 | D:2      | Reached XP level 4. HP: 14/31 MP: 4/4
  1846 | D:2      | Found a blossoming altar of Fedhas.
  1870 | D:2      | Noticed Natasha
  1877 | D:2      | Killed from afar by Natasha

Illustrated notes

Levels and vault maps discovered:
D:1:      psy_arrival_radial02, layout_basic, item_on_display_a
D:2:      layout_basic, grunt_temple_overflow_forces_of_nature,
          marbit_many_paths, minivault_24, minmay_indecisive_spiral,
          uniq_natasha

Skill      XL: |  1  2  3 |
---------------+----------+-----
Stealth        | 1 2 |  2.4
Fighting       | |  3.5
Dodging        | |  3.5
Shields        | |  3.5
Unarmed Combat | |  2.7

Action                   |  1- 3 |  4- 6 || total
-------------------------+-------+-------++-------
Melee: Unarmed           |    55 |    42 ||    97
       Constrict         |    17 |    10 ||    27
       Tentacles         |    13 |     9 ||    22
       Punch             |     1 |     1 ||     2
 Stab: Sleeping          |     6 |     2 ||     8
Armor: Skin              |     7 |     2 ||     9
Dodge: Dodged            |    11 |    21 ||    32
Block: Kite shield       |    21 |    19 ||    40

Table legend: (Time is in decaauts)
 A = Elapsed time spent in this place.
 B = Non-inter-level travel time spent in this place.
 C = Inter-level travel time spent in this place.
 D = Time resting spent in this place.
 E = Time spent auto-exploring this place.
 F = Levels seen in this place.
 G = Mean time per level.
                   A        B        C        D        E       F      G
               +--------+--------+--------+--------+--------+-----+--------+
         Total |   1880 |   1831 |     49 |    672 |    915 |   2 |  940.0 |
       Dungeon |   1880 |   1831 |     49 |    672 |    915 |   2 |  940.0 |
               +--------+--------+--------+--------+--------+-----+--------+

Top non-repeatable levels by time:
     D:2: 1116 daAuts
     D:1: 764 daAuts
